 Dungeon Crawl Stone Soup version 0.16.1-14-g82efdee (webtiles) character file.

18 hulla the Changer (level 2, 0/18 HPs)
             Began as an Octopode Transmuter on Apr 11, 2015.
             Succumbed to an adder's poison
             ... on level 2 of the Dungeon.
             The game lasted 00:03:24 (851 turns).

hulla the Changer (Octopode Transmuter)              Turns: 851, Time: 00:03:24

Health: 0/18       AC:  1    Str:  9    XL:     2   Next: 66%
Magic:  4/4        EV: 12    Int: 20    God:
Gold:   37         SH:  0    Dex: 12    Spells: 1 memorised, 4 levels left

rFire  . . .     SeeInvis .       - Unarmed
rCold  . . .     Clarity  .     (no shield)
rNeg   . . .     SustAb   .     (helmet restricted)
rPois  .         Gourm    .     (no amulet)
rElec  .         Spirit   .     (no ring)
rCorr  .         Warding  .     (no ring)
rMut   .         Stasis   .     (no ring)
MR     .....                    (no ring)
Stlth  ++........               (no ring)
                                (no ring)
                                (no ring)
                                (no ring)

@: brilliant, lethally poisoned (0 -> -15), not resistant to hostile
enchantments, unstealthy
A: almost no armour, amphibious, 8 rings, constrict 8, camouflage 1, gelatinous
body 1
a: no special abilities


You were on level 2 of the Dungeon.
You were not hungry.

You visited 1 branch of the dungeon, and saw 2 of its levels.

You collected 37 gold pieces.

Inventory:

Missiles
 b - 20 arrows
 k - 7 javelins (quivered)
 l - 23 stones
 m - 14 poisoned arrows
Jewellery
 p - an uncursed amulet of rage {unknown}
Scrolls
 c - 2 scrolls of remove curse
 e - a scroll of immolation {unknown}
 h - a scroll of identify {unknown}
 i - 2 scrolls of fear {unknown}
Potions
 j - a potion of heal wounds {unknown}
Books
 d - a book of Changes

   Spells                             Type                      Level
   a - Beastly Appendage              Transmutation                1
   b - Sticks to Snakes               Transmutation                2
   c - Spider Form                    Transmutation/Poison         3
   d - Ice Form                       Ice/Transmutation            4
   e - Blade Hands                    Transmutation                5
 f - a book of Party Tricks

   Spells                             Type                      Level
   a - Summon Butterflies             Summoning                    1
   b - Apportation                    Translocation                1
   c - Tukima's Dance                 Hexes                        3
   d - Alistair's Intoxication        Transmutation/Poison         4
   e - Invisibility                   Hexes                        6
Comestibles
 a - 2 bread rations
 n - 2 chunks of flesh
 o - a royal jelly


   Skills:
 - Level 1.0 Fighting
 - Level 2.0 Dodging
 - Level 3.0 Unarmed Combat
 - Level 2.0 Spellcasting
 + Level 3.1 Transmutations


You had 4 spell levels left.
You knew the following spells:

 Your Spells              Type           Power        Failure   Level  Hunger
a - Beastly Appendage     Trmt           ####..       1%          1    #......


Dungeon Overview and Level Annotations

Branches:
Dungeon (2/15)

Altars:
Okawaru


Innate Abilities, Weirdness & Mutations

You cannot wear most types of armour.
You are amphibious.
You can wear up to eight rings at the same time.
You can use your tentacles to constrict many enemies at once.
Your skin changes colour to match your surroundings (Stealth).
Your rubbery body absorbs attacks (AC +1).


Message History

The adder poisons you!
You closely miss the adder. Your grab misses the adder.
You feel sick. The adder bites you.
You are lethally poisoned!
The adder poisons you!
You tentacle-slap the adder but do no damage.
Your grab misses the adder. Your squeeze misses the adder.
You feel sick. The adder barely misses you. The adder closely misses you.
You closely miss the adder. Your grab misses the adder.
Your squeeze misses the adder. The adder closely misses you.
You barely miss the adder. Your grab misses the adder.
Your squeeze misses the adder.
You feel sick. The adder bites you.
* * * LOW HITPOINT WARNING * * *
You are more poisoned.
The adder poisons you!
You are too injured to fight recklessly!
Drink which item? (? for menu, Esc to quit)
It was a potion of brilliance.
You feel clever all of a sudden.
You die...

..........##.....##.....#
#########..#########..#..
##.# #..#.# #.##
####..#.# #..# #.##..#..
##.# #.##..###
#########.## #........
#..........#####.#.####
#....S@................
#...........####.#..###
#.........#.# #.......
#.........#.# ###.####
#.........#.## #.......
#.........#..# #.#.####
.........##.# #.#.....
........##.# #.#.####
.......##.###.#.....


You could see an adder.

Vanquished Creatures
  3 hobgoblins
  4 bats
  3 giant newts
  A goblin (D:1)
  2 kobolds (D:1)
  7 rats
20 creatures vanquished.

Notes
Turn   | Place    | Note
--------------------------------------------------------------
     0 | D:1      | hulla, the Octopode Transmuter, began the quest for the Orb.
     0 | D:1      | Reached XP level 1. HP: 13/13 MP: 3/3
   265 | D:1      | Reached XP level 2. HP: 16/18 MP: 4/4
   586 | D:2      | Found an iron altar of Okawaru.
   851 | D:2      | Succumbed to an adder's poison

Action                   || total
-------------------------++-------
Melee: Unarmed           ||    40
 Cast: Beastly Appendage ||     2
  Use: Scroll            ||     1
       Potion            ||     1
 Stab: Sleeping          ||     6
